Map: Blackburn LE

Players

Bly

  • Race: Zerg Zerg

Stephano - Winner!

  • Race: Zerg Zerg

Event: DreamHack SC2 Masters 2021 Fall

VOD

Have the link to the VOD?

Description

Time

  • Played on: July 31, 2021, 3:35 p.m.
  • Length: 14:18

All games in this series

Show
View Real Time Build Order
Export as new Build Order

Bly Zerg 

Build Orders: Hatch First 

Get SALT Encoding   

  12  0:00  Drone  
  13  0:12  Overlord  
  13  0:18  Drone  
  14  0:30  Drone x2  
  16  0:48  Hatchery  
  15  0:52  Drone  
  15  0:55  Drone  
  17  1:10  Spawning Pool  
  16  1:11  Drone  
  16  1:15  Drone  
  18  1:18  Extractor  
  18  1:20  Drone  
  18  1:28  Drone  
  19  1:39  Drone  
  20  1:52  Overlord  
  20  1:57  Evolution Chamber  
  20  1:58  Queen  
  21  2:02  Queen  
  21  2:04  Drone  
  21  2:05  Drone  
  25  2:11  Drone  
  26  2:18  Drone  
  27  2:24  Zerg Melee Weapons Level 1  
  27  2:31  Drone  
  27  2:32  Drone  
  29  2:38  Queen  
  29  2:41  Drone  
  29  2:42  Overlord  
  32  2:50  Drone x2  
  34  2:54  Metabolic Boost  
  34  2:57  Zergling x2  
  35  3:01  Drone  
  36  3:12  Drone x5  
  41  3:13  Drone  
  41  3:15  Evolution Chamber  
  41  3:22  Roach Warren  
  41  3:24  Overlord  
  40  3:35  Evolution Chamber  
  40  3:38  Overlord  
  38  3:48  Zergling x12  
  44  3:49  Zergling x2  
  44  3:54  Zergling x2  
  44  3:55  Extractor, Zergling x2  
  46  4:02  Zergling x4  
  48  4:03  Zerg Ground Armor Level 1  
  48  4:12  Zergling x8  
  48  4:13  Overlord  
  52  4:27  Overlord  
  52  4:31  Hatchery  
  52  4:32  Drone x3  
  53  4:40  Drone x4  
  56  4:59  Extractor  
  53  5:05  Lair, Drone x3  
  52  5:07  Extractor  
  49  5:17  Zergling x16  
  56  5:23  Roach  
  58  5:30  Roach  
  60  5:39  Roach  
  60  5:40  Roach x3  
  67  5:46  Roach x3  
  67  5:49  Spine Crawler x2  
  71  5:50  Spine Crawler  
  71  5:51  Roach x2  
  74  5:57  Overlord  
  72  6:15  Ravager  
  72  6:16  Ravager x3  
  70  6:23  Zergling x22  
  78  6:42  Overlord  
  78  6:55  Hatchery  
  77  7:01  Overlord  
  77  7:02  Drone x6  
  83  7:16  Overlord  
  83  7:17  Spire  
  77  7:32  Drone  
  77  7:33  Drone x8  
  84  7:43  Drone x4  
  88  8:01  Drone  
  88  8:02  Drone x6  
  95  8:07  Overlord x3  
  92  8:14  Extractor  
  92  8:16  Extractor  
  89  8:29  Mutalisk x3  
  89  8:30  Mutalisk x4  
  103  8:36  Mutalisk x2  
  107  8:43  Mutalisk  
  107  8:44  Mutalisk  
  111  8:54  Evolution Chamber  
  108  9:01  Mutalisk  
  108  9:02  Mutalisk x4  
  109  9:13  Zergling x2  
  109  9:14  Zergling x12  
  90  9:29  Mutalisk x3  
  64  10:00  Drone x6  
  69  10:21  Drone x6  
  69  10:23  Drone  
  74  10:42  Mutalisk x2  
  74  10:48  Evolution Chamber  
  77  10:51  Spine Crawler  
  77  10:52  Mutalisk x2  
  77  10:53  Spine Crawler  
  77  11:05  Mutalisk  
  77  11:09  Spine Crawler  
  78  11:12  Zergling x6  
  81  11:25  Mutalisk x2  
  81  11:29  Drone  
  81  11:30  Drone  
  87  11:35  Zerg Flyer Weapons Level 1  
  87  11:41  Spine Crawler  
  87  11:46  Mutalisk  
  88  11:59  Mutalisk x2  
  92  12:14  Mutalisk  
  84  12:17  Zergling x6  
  84  12:18  Zergling x2, Queen  
  80  12:35  Mutalisk x2  
  76  12:41  Mutalisk  
  78  12:50  Mutalisk  
  77  12:52  Queen  
  79  13:06  Mutalisk x2  
  79  13:11  Zergling x8  
  80  13:28  Mutalisk x2  
  73  13:39  Mutalisk  
  73  13:45  Zergling x10  
Show
View Real Time Build Order
Export as new Build Order

Stephano Zerg - Winner!

Build Orders: Hatch First, Roach Nydus 

Get SALT Encoding   

  12  0:00  Drone  
  13  0:12  Overlord  
  13  0:17  Drone  
  14  0:30  Drone x2  
  16  0:48  Hatchery  
  15  0:51  Drone  
  15  0:54  Drone  
  17  0:58  Drone  
  18  1:08  Extractor  
  17  1:13  Spawning Pool  
  17  1:16  Drone  
  17  1:20  Drone  
  18  1:27  Drone  
  19  1:38  Drone  
  20  1:49  Drone  
  21  1:59  Queen x2  
  21  2:00  Drone x2  
  27  2:11  Drone, Overlord  
  28  2:17  Metabolic Boost  
  28  2:28  Hatchery  
  27  2:30  Drone  
  27  2:32  Drone  
  29  2:46  Queen, Drone  
  29  2:47  Drone  
  29  2:50  Overlord  
  33  2:55  Drone  
  34  3:04  Zergling x6, Evolution Chamber  
  36  3:11  Drone x2  
  36  3:12  Drone x2  
  40  3:17  Drone x2  
  42  3:25  Overlord  
  42  3:30  Zerg Missile Weapons Level 1  
  42  3:31  Drone  
  43  3:34  Drone  
  43  3:37  Overlord  
  44  3:41  Drone x4  
  44  3:45  Extractor x2  
  46  3:49  Roach Warren  
  46  3:53  Lair  
  45  3:58  Overlord  
  45  4:03  Drone x3  
  45  4:07  Drone x3  
  51  4:10  Drone x2  
  51  4:13  Drone  
  54  4:18  Drone x3  
  54  4:23  Overlord  
  57  4:29  Zergling x2, Evolution Chamber  
  57  4:30  Zergling x4  
  59  4:37  Roach x3  
  65  4:40  Roach  
  67  4:46  Roach x2  
  67  4:47  Roach  
  72  4:54  Glial Reconstitution  
  72  4:56  Roach x2  
  75  5:08  Queen, Nydus Network  
  73  5:18  Queen  
  72  5:22  Roach  
  72  5:24  Overlord  
  74  5:28  Hatchery  
  74  5:29  Overlord  
  74  5:31  Extractor  
  74  5:33  Roach  
  74  5:35  Overlord  
  74  5:45  Roach x4  
  82  5:53  Nydus Canal  
  82  5:56  Roach x4  
  90  6:07  Roach x3  
  92  6:16  Pneumatized Carapace  
  88  6:22  Drone x6  
  92  6:36  Zerg Missile Weapons Level 2  
  92  6:37  Drone x3  
  95  6:42  Drone x2  
  95  6:43  Drone  
  98  6:48  Zerg Ground Armor Level 1  
  98  6:53  Overlord  
  98  6:58  Overlord x2  
  98  7:05  Overlord x2  
  98  7:12  Overlord  
  96  7:17  Roach x2  
  96  7:18  Roach x3  
  96  7:20  Ravager x3  
  101  7:25  Roach x2  
  101  7:29  Roach  
  105  7:33  Roach x2  
  109  7:41  Roach x4  
  109  7:43  Roach  
  119  7:46  Overlord  
  119  7:51  Roach x3  
  125  7:56  Roach x2  
  125  7:57  Roach  
  131  8:00  Roach  
  131  8:04  Overseer  
  133  8:06  Queen, Drone x2  
  133  8:09  Extractor  
  136  8:20  Roach x4  
  136  8:21  Roach  
  146  8:27  Overlord x3  
  146  8:36  Overlord  
  146  8:39  Overseer  
  146  8:45  Overlord  
  146  8:49  Roach x6  
  146  8:50  Roach  
  154  9:04  Queen x2  
  125  9:19  Roach x2  
  125  9:20  Roach x8  
  133  9:24  Nydus Canal  
  133  9:29  Queen  
  125  9:40  Queen x2  
  125  9:41  Nydus Canal  
  125  9:44  Overlord  
  121  9:50  Spore Crawler, Hydralisk Den  
  119  9:58  Zerg Ground Armor Level 2  
  111  10:00  Spore Crawler  
  111  10:02  Spore Crawler  
  111  10:04  Queen  
  111  10:12  Drone  
  111  10:13  Drone x3  
  115  10:15  Extractor  
  109  10:23  Drone x3  
  109  10:26  Queen x2  
  110  10:31  Nydus Canal  
  110  10:38  Muscular Augments  
  110  10:40  Queen  
  108  10:44  Spore Crawler  
  107  10:55  Nydus Canal  
  105  11:00  Spore Crawler  
  105  11:01  Spore Crawler  
  105  11:02  Spore Crawler x2  
  101  11:11  Ravager x5  
  106  11:25  Hatchery  
  101  11:33  Ravager x3  
  101  11:34  Ravager x2  
  101  11:35  Queen x3  
  101  11:37  Hydralisk  
  101  11:38  Hydralisk x3  
  116  11:49  Overseer  
  116  12:14  Hydralisk x10  
  128  12:15  Overlord  
  126  12:30  Hydralisk x4  
  128  12:39  Hydralisk  
  128  12:40  Hydralisk  
  132  12:48  Infestation Pit  
  131  12:58  Hydralisk x4  
  139  13:07  Drone x2  
  139  13:09  Drone x2  
  143  13:16  Spore Crawler  
  143  13:18  Spore Crawler  
  141  13:25  Overlord  
  140  13:28  Hydralisk x2  
  139  13:35  Hydralisk  
  139  13:37  Overseer  
  136  13:44  Drone x5  
  141  13:48  Nydus Canal  

Tags
 
Add a new tag
Caveats
  • Supply blocks, unpowered buildings, or Contaminate may cause inaccurate times.
  • Supply counts are checked every 10 seconds.